 Dungeon Crawl Stone Soup version 0.31-a0-1001-g770356a28f (webtiles) character file.

Game seed: 4658011746406966484

47 Chiseanne the Poker (level 3, -3/27 HPs)
             Began as a Demonspawn Wanderer on Nov 8, 2023.
             Slain by a hobgoblin (5 damage)
             ... led by Robin
             ... on level 2 of the Dungeon.
             The game lasted 00:01:44 (989 turns).

Chiseanne the Poker (Demonspawn Wanderer)            Turns: 989, Time: 00:01:45

Health: -3/27      AC:  6    Str: 11    XL:     3   Next: 48%
Magic:  3/3        EV:  8    Int: 14    God:
Gold:   62         SH:  4    Dex: 14    Spells: 2/2 levels left

rFire   . . .        a - +2 spear
rCold   . . .        c - +0 buckler
rNeg    . . .        f - +0 scale mail
rPois   .            (no helmet)
rElec   .            (no cloak)
rCorr   .            (no gloves)
SInv    .            (no boots)
Will    .....        (no amulet) Stlth
                     (no ring)
HPRegen 0.24/turn    (no ring)
MPRegen 0.08/turn

%: no passive effects
@: no status effects
A: weakness stinger 1
a: no special abilities


You were on level 2 of the Dungeon.
You visited 1 branch of the dungeon, and saw 2 of its levels.

You collected 62 gold pieces.

Inventory:

Hand Weapons
 a - a +2 spear (weapon)
Missiles
 b - 21 stones
 g - 6 datura-tipped darts
Armour
 c - a +0 buckler (worn)
 f - a +0 scale mail (worn)
Scrolls
 d - a scroll of fog
 h - a scroll of revelation {unknown}
Potions
 e - 2 potions of might {unknown}


   Skills:
 * Level 2.2 Fighting
 - Level 3.6(3.7) Polearms
 - Level 1.0(2.4) Staves
 * Level 0.2 Armour
 * Level 1.8 Dodging
 * Level 2.4 Shields
 - Level 1.2 Invocations


You had 2 spell levels left.
You didn't know any spells.
Your spell library contained the following spells:

 Spells                   Type           Power      Damage    Failure   Level
 Summon Small Mammal      Summ           0%         N/A       95%         1
 Call Canine Familiar     Summ           0%         N/A       100%        3
 Summon Guardian Golem    Hex/Summ       0%         N/A       100%        3


Dungeon Overview and Level Annotations

Branches:
Dungeon (2/15)

Altars:
Ru

Shops:
D:1 [

Annotations:
D:2 Robin


Innate Abilities, Weirdness & Mutations

You have a small tail.


Message History

You are too injured to fight recklessly!
You are too injured to fight recklessly!
You are too injured to fight recklessly!
You are too injured to fight recklessly!
You are too injured to fight recklessly!
You are too injured to fight recklessly!
You are too injured to fight recklessly!
You are too injured to fight recklessly!
You are too injured to fight recklessly!
You are too injured to fight recklessly!
You are too injured to fight recklessly!
You are too injured to fight recklessly!
You are too injured to fight recklessly!
You are too injured to fight recklessly!
You are too injured to fight recklessly!
You are too injured to fight recklessly!
You are too injured to fight recklessly!
You are too injured to fight recklessly!
You are too injured to fight recklessly!
You are too injured to fight recklessly!
You are too injured to fight recklessly!
You are too injured to fight recklessly!
You are too injured to fight recklessly!
You are too injured to fight recklessly!
You are too injured to fight recklessly!
You hit the goblin.
You kill the goblin!
The hobgoblin hits you.
The goblin no longer looks unusually strong.
The hobgoblin attacks as it pursues you!
The hobgoblin hits you.
* * * LOW HITPOINT WARNING * * *
Things that are here:
a +0 club; a goblin corpse Robin throws the goblin at you!
* * * LOW HITPOINT WARNING * * *
The goblin hits you with a +0 club.
* * * LOW HITPOINT WARNING * * *
You barely miss the goblin. The hobgoblin hits you.
You die...

#############
#...........#
#.#########.#
#g# #†# ###
#@# #.# ..
#g# #.# #.
#.# #.# #.
#g# #.# #.
#g# #.# #.
..g #.# #.
..# #.# #.
#.#. #.# #.
## # #.#####.


You could see Robin, a hobgoblin (strong) and 3 goblins.

Vanquished Creatures
  5 dart slugs
  5 bats
  6 goblins
  2 hobgoblins (D:1)
  2 jackals (D:1)
  5 kobolds (D:1)
  A quokka (D:2)
  2 ball pythons (D:1)
  2 frilled lizards
  5 rats
35 creatures vanquished.

Notes
Turn   | Place    | Note
-------+----------+-------------------------------------------
     0 | D:1      | Chiseanne the Demonspawn Wanderer began the quest for the
                  | Orb.
     0 | D:1      | Chiseanne set off with the following items: a +2 spear, a
                  | +0 quarterstaff, a +0 buckler, a scroll of fog, a +0 robe.
     0 | D:1      | Reached XP level 1. HP: 15/15 MP: 1/1
   149 | D:1      | Discovered your monstrous ancestry.
   149 | D:1      | Gained mutation: You have a small tail. [demonic ancestry]
   149 | D:1      | Reached XP level 2. HP: 17/21 MP: 2/2
   255 | D:1      | Found Konaecs's Antique Armour Emporium.
   415 | D:1      | Reached XP level 3. HP: 21/27 MP: 3/3
   795 | D:2      | Found a sacrificial altar of Ru.
   973 | D:2      | Noticed Robin
   989 | D:2      | Slain by a hobgoblin

Illustrated notes

Levels and vault maps discovered:
D:1:      dpeg_arrival_tiny_f, layout_basic, serial_shops, shop
D:2:      layout_loops_ring, shapermc_ecumenical_altar_notcrosses, basic_altar,
          uniq_robin, uniq_crazy_yiuf_cottage, uniq_jessica

Skill      XL: |  1  2  3 |
---------------+----------+-----
Shields        | 2 |  2.4
Fighting       | 2 |  2.2
Polearms       | |  3.6
Staves         | |  1.0
Armour         | |  0.2
Dodging        | |  1.8
Invocations    | |  1.2

Action                     || total
---------------------------++-------
  Melee: Spear             ||    97
         Tailslap          ||     6
    Use: Scroll            ||     1
 Armour: Robe              ||    34
         Scale mail        ||    16
         Ring mail         ||     3
  Dodge: Dodged            ||    31
  Block: Buckler           ||     8

Table legend: (Time is in decaauts)
 A = Elapsed time spent in this place.
 B = Non-inter-level travel time spent in this place.
 C = Inter-level travel time spent in this place.
 D = Time resting spent in this place.
 E = Time spent auto-exploring this place.
 F = Levels seen in this place.
 G = Mean time per level.
                   A        B        C        D        E       F      G
               +--------+--------+--------+--------+--------+-----+--------+
         Total |    986 |    944 |     42 |     65 |    644 |   2 |  493.0 |
       Dungeon |    986 |    944 |     42 |     65 |    644 |   2 |  493.0 |
               +--------+--------+--------+--------+--------+-----+--------+

Top non-repeatable levels by time:
     D:1: 781 daAuts
     D:2: 205 daAuts
